 Dungeon Crawl Stone Soup version 0.23.1 (webtiles) character file.

Game seed: 7141355733635280433

6422 Gargoyl the Envoy of Void (level 10, -8/186 HPs)
             Began as a Centaur Abyssal Knight on Mar 17, 2019.
             Was a High Priest of Lugonu.
             Mangled by an orc warrior
             ... wielding a +0 war axe
              (12 damage)
             ... in a bailey.
             The game lasted 00:19:24 (10858 turns).

Gargoyl the Envoy of Void (Centaur Abyssal Knight) Turns: 10858, Time: 00:19:25

Health: -8/186     AC: 25    Str: 19 (22) XL:     10   Next: 66%
Magic:  6/15       EV:  1    Int:  9 (11) God:    Lugonu [*****.]
Gold:   630        SH:  3    Dex:  9 (10) Spells: 9/9 levels left

rFire    . . .     SeeInvis .   a - +4 hand axe
rCold    + . .     Gourm    .   (no shield)
rNeg     + + +     Faith    .   (armour currently unavailable)
rPois    +         Spirit   .   (helmet currently unavailable)
rElec    .         Reflect  +   (cloak currently unavailable)
rCorr    .         Harm     .   (gloves currently unavailable)
MR       .....     NoTele   +   (no barding)
Stlth    ..........             h - +3 amulet of reflection
HPRegen  0.41/turn              l - ring of poison resistance
MPRegen  0.14/turn              u - ring of protection from cold

@: berserking (expiring), tree-form, marked, very quick
A: large
a: Depart the Abyss, Bend Space, Banish, Corrupt, Enter the Abyss, Renounce
Religion


You were in a bailey.
You worshipped Lugonu.
Lugonu was extremely pleased with you.
You were near starving.
You were a tree.
You visited 1 branch of the dungeon, and saw 10 of its levels.
You visited the Abyss 1 time.
You also visited: Bailey.

You collected 630 gold pieces.

Inventory:

Hand Weapons
 a - a +4 hand axe (weapon)
 i - a +4 shortbow
 G - a +3 hand axe
 H - a +1 hand axe of flaming
Missiles
 m - 132 arrows
 n - 5 tomahawks (quivered)
Armour
 e - a +2 helmet (melded)
 o - a scarf of spirit shield (melded)
 x - a +2 pair of gloves (melded)
 C - the +10 plate armour of Foolhardiness (melded) {rN+}
   (You found it on level 8 of the Dungeon)

   It protects you from negative energy.
Jewellery
 h - a +3 amulet of reflection (around neck)
 l - a ring of poison resistance (left branch)
 u - a ring of protection from cold (right branch)
 E - a cursed amulet of inaccuracy {unknown}
Wands
 b - a wand of scattershot (5)
 q - a wand of polymorph (8)
 y - a wand of flame (19)
 D - a wand of disintegration (13)
Scrolls
 g - 6 scrolls of teleportation
 j - 5 scrolls of remove curse
 s - 3 scrolls of identify
 v - a scroll of fog
 w - 2 scrolls of amnesia
 A - 2 scrolls of magic mapping
Potions
 d - a potion of resistance
 f - 4 potions of brilliance
 k - 3 potions of agility
 z - 3 potions of haste {unknown}
 B - a potion of lignification
 F - a potion of flight
Comestibles
 c - 4 rations


   Skills:
 + Level 6.3 Fighting
 + Level 6.9 Axes
 + Level 7.3 Bows
 + Level 1.4 Throwing
 * Level 6.2 Armour
 * Level 4.7 Dodging
 * Level 7.4 Invocations


You had 9 spell levels left.
You didn't know any spells.
Your spell library contained the following spells:

 Spells                   Type           Power        Failure   Level  Hunger
 Beastly Appendage        Tmut           #.....       38%         1    ##.....
 Sticks to Snakes         Tmut           #.......     52%         2    ###....
 Spider Form              Tmut/Pois      #.........   77%         3    ####...
 Ice Form                 Ice/Tmut       #.......     99%         4    #####..
 Blade Hands              Tmut           #.........   100%        5    ######.


Dungeon Overview and Level Annotations

Branches:
Dungeon (10/15)            Temple (0/1) D:7
   Lair: D:8-11         Orc: D:9-12

Altars:
Cheibriados
Dithmenos
Elyvilon
Gozag
Vehumet
Zin
The Shining One


Innate Abilities, Weirdness & Mutations

((You have hooves in place of feet.))
((Armour fits poorly on your strangely shaped body.))
((You cover ground very quickly.))
((You have extremely tough skin. (AC +3)))


Message History

The orc knight hits you but does no damage.
Unknown command.
You slash the orc warrior!
You kill the orc warrior!
Lugonu accepts your kill.
You slash the orc knight!
You hit the orc warrior but do no damage.
The orc warrior hits you but does no damage.
Unknown command.
You closely miss the orc warrior.
You hit the orc knight but do no damage.
You hit the orc warrior but do no damage.
The orc knight hits you but does no damage.
Unknown command.
You hit the orc warrior.
The orc warrior is moderately wounded.
You slash the orc warrior! You hit the orc knight.
The orc warrior no longer looks unusually strong.
The orc warrior hits you with a +0 war axe!
You die... ##### #)..# #...# #o♣o# ##o## .og

..8..
.#...#.
####'####
... ...


You could see an orc knight, 3 orc warriors and a goblin.

Vanquished Creatures
  Harold (D:8)
  The ghost of Zentennen the Ruffian, an amateur TrBe of Trog (D:5)
  A hippogriff (D:9)
  A steam dragon (D:9)
  The ghost of Singularity42 the Changer, an amateur OpTm (D:3)
  2 sky beasts
  A black bear (D:9)
  2 ice beasts
  3 phantoms
  6 ogres
  3 orc warriors
  2 centaurs (D:6)
  6 bullfrogs
  5 scorpions
  10 killer bees
  8 wights
  2 centaur zombies (D:7)
  7 crimson imps
  A bullfrog zombie (D:4)
  6 hounds
  A jelly (D:8)
  A gnoll shaman (D:9)
  2 orc priests
  An orc wizard (D:7)
  2 bullfrog skeletons
  2 centaur skeletons
  3 iguanas
  4 worker ants
  2 hound skeletons
  A worker ant zombie (D:9)
  9 gnolls
  9 adders
  A howler monkey skeleton (D:5)
  3 shadow imps
  A white imp (D:8)
  An adder skeleton (D:8)
  5 worms
  2 dart slugs
  5 leopard geckos
  22 orcs
  8 giant cockroaches
  9 goblins
  7 hobgoblins
  24 jackals
  4 quokkas
  A ball python (D:3)
  9 bats
  6 frilled lizards
  A goblin skeleton (D:8)
  4 hobgoblin zombies (D:8)
  4 kobolds
  A kobold zombie (D:8)
  An orc skeleton (D:8)
  An orc zombie (D:8)
  5 rats
231 creatures vanquished.

Vanquished Creatures (others)
  An unseen horror (D:10)
  A centaur (D:7)
2 creatures vanquished.

Grand Total: 233 creatures vanquished

Notes
Turn   | Place    | Note
-------+----------+-------------------------------------------
     0 | Abyss:1  | Gargoyl the Centaur Abyssal Knight began the quest for the
                  | Orb.
     0 | Abyss:1  | Reached XP level 1. HP: 19/19 MP: 2/2
    50 | Abyss:1  | Noticed a ynoxinul
    61 | Abyss:1  | Noticed a hellwing
    62 | Abyss:1  | Noticed a small abomination
   167 | Abyss:2  | Noticed a ynoxinul
   168 | D:1      | Escaped the Abyss
   394 | D:1      | Reached * piety under Lugonu
   394 | D:1      | Reached XP level 2. HP: 26/26 MP: 3/3
  1093 | D:2      | Reached skill level 1 in Dodging
  1093 | D:2      | Reached XP level 3. HP: 24/31 MP: 4/4
  1536 | D:2      | Reached XP level 4. HP: 33/38 MP: 3/5
  1718 | D:3      | Reached ** piety under Lugonu
  1817 | D:3      | Found a transporter.
  1818 | D:3      | Noticed Singularity42's ghost (amateur OpTm)
  1819 | D:3      | Found a transporter.
  1820 | D:3      | Noticed an ogre
  1821 | D:3      | Noticed an ogre
  1931 | D:3      | You fall through a shaft for 3 floors!
  1932 | D:6      | Noticed a sky beast
  1939 | D:5      | Entered Level 5 of the Dungeon
  1975 | D:5      | Reached XP level 5. HP: 40/46 MP: 4/7
  2142 | D:4      | Noticed a phantom
  2373 | D:4      | Killed a phantom
  2373 | D:4      | Reached XP level 6. HP: 27/52 MP: 5/8
  3891 | D:5      | Reached XP level 7. HP: 38/59 MP: 7/9
  3935 | D:5      | Reached *** piety under Lugonu
  4262 | D:5      | Found a runed translucent gate.
  4262 | D:5      | Found a runed translucent gate.
  4262 | D:5      | Found a runed translucent gate.
  4262 | D:5      | Noticed Zentennen's ghost (amateur TrBe)
  4265 | D:5      | Found a shadowy altar of Dithmenos.
  4921 | D:3      | Killed Singularity42's ghost
  5065 | D:3      | Reached XP level 8. HP: 24/67 MP: 4/11
  5516 | D:6      | Found a white marble altar of Elyvilon.
  5537 | D:6      | Reached skill level 1 in Throwing
  5556 | D:6      | Reached skill level 5 in Axes
  5838 | D:5      | Killed Zentennen's ghost
  5838 | D:5      | Reached skill level 5 in Fighting
  6089 | D:5      | Reached skill level 5 in Invocations
  6268 | D:6      | Found an opulent altar of Gozag.
  6632 | D:6      | Reached skill level 1 in Bows
  6632 | D:6      | Reached XP level 9. HP: 74/74 MP: 13/13
  6991 | D:7      | Found a glowing silver altar of Zin.
  7243 | D:7      | Reached skill level 5 in Armour
  7425 | D:7      | Found a staircase to the Ecumenical Temple.
  7490 | D:7      | Found a radiant altar of Vehumet.
  7766 | D:7      | Reached **** piety under Lugonu
  8130 | D:8      | Reached skill level 5 in Bows
  8156 | D:8      | Found a glowing golden altar of the Shining One.
  8439 | D:8      | Got a crude plate armour
  8462 | D:8      | Identified the +10 plate armour of Foolhardiness {rN+} (You
                  | found it on level 8 of the Dungeon)
  8667 | D:8      | Noticed Harold
  8707 | D:8      | Killed Harold
  8707 | D:8      | Reached XP level 10. HP: 58/83 MP: 12/15
  9348 | D:8      | Reached ***** piety under Lugonu
 10258 | D:9      | Found a snail-covered altar of Cheibriados.
 10727 | D:10     | Entered Level 10 of the Dungeon
 10727 | D:10     | Found a flagged portal.
 10763 | D:10     | Banished an unseen horror
 10770 | Bailey   | Entered a bailey
 10799 | Bailey   | Noticed an orc knight
 10853 | Bailey   | HP: 2/186 [orc knight/+0 war axe (15)]
 10858 | Bailey   | Mangled by an orc warrior

Skill      XL: |  1  2  3  4  5  6  7  8  9 10 |
---------------+-------------------------------+-----
Axes           | 2 3 4 5 6 |  6.9
Dodging        | 1 2 3 4 |  4.7
Armour         | 2 3 4 5 6 |  6.2
Invocations    | 3 4 5 6 7 |  7.4
Fighting       | 4 5 6 |  6.3
Throwing       | 1 |  1.4
Bows           | 1 6 7 |  7.3

Action                   |  1- 3 |  4- 6 |  7- 9 | 10-12 || total
-------------------------+-------+-------+-------+-------++-------
Melee: Hand axe          |   100 |   215 |   315 |   199 ||   829
       Kick              |    13 |    34 |    63 |    35 ||   145
 Fire: Shortbow          |       |       |   186 |    66 ||   252
Throw: Tomahawk          |       |     4 |     8 |     3 ||    15
Invok: Depart the Abyss  |     1 |       |       |       ||     1
       Banish            |       |       |     1 |     2 ||     3
       Bend Space        |       |       |       |     1 ||     1
Evoke: Wand              |       |       |       |     2 ||     2
  Use: Scroll            |     6 |    11 |     6 |     3 ||    26
       Potion            |     1 |       |     4 |     5 ||    10
 Stab: Distracted        |       |     1 |       |       ||     1
  Eat: Chunk             |     1 |     6 |     7 |     2 ||    16
       Ration            |       |       |     2 |     1 ||     3
Armor: Leather armour    |    64 |    37 |       |       ||   101
       Scale mail        |       |   105 |    31 |       ||   136
       Chain mail        |       |       |   203 |       ||   203
       Plate armour      |       |       |    37 |   292 ||   329
       Skin              |       |       |       |    13 ||    13
Dodge: Dodged            |    51 |    81 |   116 |    69 ||   317
Block: Other             |       |       |    25 |    43 ||    68
       Reflection        |       |       |     2 |       ||     2
